 Dungeon Crawl Stone Soup version 0.32-a0-411-g744942f433 (webtiles) character file.

Game seed: 3299623140483799980

156 CougarLife the Digger (level 5, -1/28 HPs)
             Began as a Gargoyle Earth Elementalist on Feb 20, 2024.
             Slain by Grinder (5 damage)
             ... on level 3 of the Dungeon.
             The game lasted 00:02:02 (2419 turns).

CougarLife the Digger (Gargoyle Earth Elementalist) Turns: 2419, Time: 00:02:03

Health: -1/28      AC:  8    Str: 12    XL:     5   Next: 38%
Magic:  3/9        EV: 11    Int: 17    God:
Gold:   135        SH:  0    Dex: 10    Spells: 6/10 levels left

rFire   . . .        g - +0 dagger
rCold   . . .        (no shield)
rNeg    + . .        a - +0 robe
rPois   ∞            n - +0 helmet
rElec   +            d - +0 cloak
rCorr   .            (no gloves)
SInv    .            (no boots)
Will    .....        (no amulet)
Stlth   ++           (no ring)
HPRegen 0.24/turn    (no ring)
MPRegen 0.11/turn

%: no passive effects
@: no status effects
A: sickness immunity, AC +4, negative energy resistance 1, electricity
resistance, torment resistance 1, petrification resistance
a: no special abilities


You were on level 3 of the Dungeon.
You visited 1 branch of the dungeon, and saw 3 of its levels.

You collected 135 gold pieces.

Inventory:

Hand Weapons
 g - a +0 dagger (weapon)
Armour
 a - a +0 robe (worn)
 d - a +0 cloak (worn)
 n - a +0 helmet (worn)
Scrolls
 e - a scroll of fear {unknown}
 f - 3 scrolls of identify {unknown}
 h - a scroll of teleportation {unknown}
 k - a scroll of revelation {unknown}
 m - a scroll of poison {unknown}
 o - a scroll of enchant weapon {unknown}
 r - a scroll of butterflies {unknown}
Potions
 b - a potion of magic
 c - 3 potions of degeneration {unknown}
 i - 4 potions of heal wounds {unknown}
 j - a potion of haste {unknown}
 l - 3 potions of might {unknown}
 p - a potion of attraction {unknown}
 q - a potion of cancellation {unknown}


   Skills:
 - Level 1.5 Dodging
 - Level 2.1 Stealth
 + Level 3.3 Spellcasting
 + Level 3.2 Conjurations
 + Level 5.0 Earth Magic


You had 6 spell levels left.
You knew the following spells:

 Your Spells              Type           Power      Damage    Failure   Level
a - Sandblast             Erth           38%        2d10      2%          1
b - Stone Arrow           Conj/Erth      32%        3d9       10%         3

Your spell library contained the following spells:

 Spells                   Type           Power      Damage    Failure   Level
 Magic Dart               Conj           52%        1d5       4%          1
 Passwall                 Erth           19%        N/A       6%          3
 Sting                    Conj/Alch      32%        1d5       9%          1
 Slow                     Hex            8%         N/A       17%         1
 Blink                    Tloc           4%         N/A       26%         2
 Call Imp                 Summ           4%         N/A       26%         2
 Brom's Barrelling Bould  Conj/Erth      16%        2d4       30%         4
 Confusing Touch          Hex            2%         N/A       45%         3
 Inner Flame              Hex/Fire       2%         N/A       45%         3
 Sigil of Binding         Hex            2%         N/A       45%         3
 Vampiric Draining        Necr           2%         2d6       45%         3
 Animate Armour           Summ/Erth      22%        N/A       52%         4
 Leda's Liquefaction      Alch/Erth      5%         N/A       52%         4
 Petrify                  Alch/Erth      11%        N/A       52%         4
 Lee's Rapid Deconstruct  Erth           9%         3d7*      52%         5
 Summon Lightning Spire   Summ/Air       2%         N/A       86%         4
 Irradiate                Conj/Alch      4%         3d13      94%         5
 Ignition                 Fire           1%         3d3       100%        8


Dungeon Overview and Level Annotations

Branches:
Dungeon (3/15)

Altars:

Annotations:
D:3 Grinder


Innate Abilities, Weirdness & Mutations

You are immune to sickness and miasma.
Your stone body is resilient. (AC +4)
You are immune to poison.
You resist negative energy. (rN+)
You are resistant to electric shocks. (rElec)
You are resistant to unholy torment.
You are immune to petrification.


Message History

The bombardier beetle is lightly wounded.
The bombardier beetle closely misses you.
The blast of sand hits the bombardier beetle.
The bombardier beetle is lightly wounded.
The blast of sand hits the bombardier beetle.
The bombardier beetle is moderately wounded.
The bombardier beetle sprays incendiary fluid at you.
The burning spray hits you.
You are covered in liquid fire!
The blast of sand hits the bombardier beetle.
The bombardier beetle is heavily wounded.
The liquid fire burns you!
The bombardier beetle barely misses you.
The blast of sand hits the bombardier beetle.
The bombardier beetle is heavily wounded.
The liquid fire burns you!
The bombardier beetle bites you but does no damage.
The blast of sand hits the bombardier beetle.
The bombardier beetle is heavily wounded.
The liquid fire burns you!
The bombardier beetle barely misses you.
Casting: Sandblast (safe; 2% risk of failure)
Confirm with . or Enter, or press ? or * to list all spells.
Aiming: Sandblast (safe; 2% risk of failure)
Press: ? - help, Shift-Dir - straight line, f/p - bombardier beetle
Aim: a bombardier beetle (heavily wounded, 89% to hit)
The blast of sand hits the bombardier beetle!
You kill the bombardier beetle!
The liquid fire burns you!
* * * LOW HITPOINT WARNING * * *
Your Earth Magic skill increases to level 5!
You shake off some of the fire as you move.
The liquid fire burns you!
* * * LOW HITPOINT WARNING * * *
You shake off the liquid fire.
Grinder comes into view.
Grinder shouts!
Grinder hits you.
You die...
Grinder says, "Hey, I wasn't done torturing you yet!"

#.#.......#
#.#.......#
..........#
............
.........###.
.......### .......#
....# ####### ##. ...#
.# #..@5.# #.. #..#
..# #.#.#.# #.#
#..##..# .. #.# .. #.#
.......# #####.# ##
#.# ..†...## #...#.#
.. #.# ...####
#.#.#.#.# # #.#
...#########.#...†.#.#
#.#
...........#)#######.#
#<# ...##### #...#
#.#... #.###


You could see Grinder.

Vanquished Creatures
  A bombardier beetle (D:3)
  Terence (D:3)
  3 adders
  2 ribbon worms
  A dart slug (D:3)
  An orc (D:3)
  3 ball pythons
  2 bats
  4 endoplasms
  2 giant cockroaches
  2 goblins
  A hobgoblin (D:2)
  A quokka (D:2)
  2 frilled lizards (D:3)
  9 kobolds
  2 rats (D:3)
37 creatures vanquished.

Notes
Turn   | Place    | Note
-------+----------+-------------------------------------------
     0 | D:1      | CougarLife the Gargoyle Earth Elementalist began the quest
                  | for the Orb.
     0 | D:1      | Reached XP level 1. HP: 10/10 MP: 3/3
   120 | D:1      | Reached XP level 2. HP: 15/15 MP: 1/5
   261 | D:1      | Got Riecrun's Secrets of Enchanted Chrysopoeia
   809 | D:2      | Reached skill level 4 in Earth Magic
   953 | D:2      | Reached XP level 3. HP: 19/19 MP: 3/6
  1742 | D:2      | Learned a level 3 spell: Stone Arrow
  1932 | D:3      | Reached XP level 4. HP: 24/24 MP: 6/8
  2308 | D:3      | Noticed Terence
  2319 | D:3      | Killed Terence
  2320 | D:3      | Reached XP level 5. HP: 27/28 MP: 0/9
  2414 | D:3      | Reached skill level 5 in Earth Magic
  2418 | D:3      | Noticed Grinder
  2419 | D:3      | Slain by Grinder

Illustrated notes

Levels and vault maps discovered:
D:1:      dpeg_arrival_line_fractal, layout_basic, kennysheep_crisscross
D:2:      layout_loops_ring, kennysheep_generic_room_6
D:3:      layout_loops_ring, gammafunk_temple_overflow_elements,
          minmay_misc_feat_ornament, nicolae_figureground_pulse, uniq_grinder,
          uniq_terence

Skill      XL: |  1  2  3  4  5 |
---------------+----------------+-----
Earth Magic    | 4 5 |  5.0
Conjurations   | 2 3 |  3.2
Spellcasting   | 3 |  3.3
Dodging        | |  1.5
Stealth        | |  2.1

Action                     |  1- 3 |  4- 6 || total
---------------------------+-------+-------++-------
  Melee: Dagger            |     5 |     2 ||     7
   Cast: Sandblast         |    35 |    31 ||    66
         Stone Arrow       |       |     1 ||     1
 Armour: Robe              |    11 |     7 ||    18
  Dodge: Dodged            |    16 |    10 ||    26

Table legend: (Time is in decaauts)
 A = Elapsed time spent in this place.
 B = Non-inter-level travel time spent in this place.
 C = Inter-level travel time spent in this place.
 D = Time resting spent in this place.
 E = Time spent auto-exploring this place.
 F = Levels seen in this place.
 G = Mean time per level.
                   A        B        C        D        E       F      G
               +--------+--------+--------+--------+--------+-----+--------+
         Total |   2450 |   2358 |     92 |     77 |   2019 |   3 |  816.7 |
       Dungeon |   2450 |   2358 |     92 |     77 |   2019 |   3 |  816.7 |
               +--------+--------+--------+--------+--------+-----+--------+

Top non-repeatable levels by time:
     D:2: 972 daAuts
     D:1: 808 daAuts
     D:3: 669 daAuts
